Map: Submarine LE

Players

Massa

  • Race: Terran Terran
  • League: Platinum
  • Spawn Location: 11:00

sweetZerg - Winner!

  • Race: Protoss Protoss
  • League: Platinum
  • Spawn Location: 5:00

VOD

Have the link to the VOD?

Description

Time

  • Played on: Sept. 6, 2020, 2:35 p.m.
  • Length: 19:17
Show
View Real Time Build Order
Export as new Build Order

Massa Terran 

Build Orders: Reaper Expand 

Get SALT Encoding   

  12  0:00  SCV  
  13  0:12  SCV  
  14  0:19  Supply Depot  
  14  0:24  SCV  
  15  0:41  Barracks  
  15  0:44  SCV  
  16  1:05  SCV  
  16  1:08  Refinery  
  16  1:10  Refinery  
  17  1:17  SCV  
  18  1:29  SCV, Marine  
  19  1:53  Command Center  
  19  1:57  Orbital Command  
  19  2:00  Reaper  
  20  2:15  Factory  
  20  2:24  SCV  
  21  2:32  Reaper  
  21  2:36  SCV  
  23  3:00  Supply Depot  
  23  3:05  SCV, Hellion, Reaper  
  27  3:07  Orbital Command  
  27  3:17  SCV  
  28  3:26  Starport, Hellion  
  30  3:29  SCV  
  30  3:32  SCV  
  32  3:37  Barracks Tech Lab  
  32  3:41  SCV  
  32  3:44  SCV  
  34  3:53  SCV  
  35  3:56  SCV, Marauder  
  35  4:00  Engineering Bay  
  38  4:03  Engineering Bay  
  38  4:08  Supply Depot  
  35  4:31  Supply Depot  
  33  4:42  Factory Tech Lab  
  33  4:52  Marauder  
  33  4:53  Supply Depot  
  33  4:58  Missile Turret  
  33  5:04  Missile Turret  
  33  5:05  Missile Turret  
  31  5:13  Marauder  
  28  5:20  Missile Turret  
  23  5:23  Viking  
  23  5:25  Widow Mine  
  25  5:37  SCV x2, Missile Turret x2  
  25  5:41  Missile Turret  
  27  5:47  Widow Mine  
  27  5:49  SCV x2  
  31  6:01  SCV x2  
  31  6:03  Missile Turret  
  33  6:12  Refinery  
  33  6:13  SCV x2  
  33  6:16  Marauder  
  33  6:18  Stimpack  
  37  6:21  Widow Mine  
  37  6:25  SCV  
  40  6:29  SCV  
  41  6:37  SCV  
  41  6:38  Marauder  
  44  6:41  SCV  
  44  6:42  Terran Infantry Weapons Level 1  
  45  6:49  SCV  
  45  6:53  SCV  
  47  7:01  SCV  
  47  7:03  Marauder  
  47  7:05  SCV  
  47  7:06  Siege Tank  
  54  7:11  Barracks  
  54  7:13  SCV  
  54  7:15  Missile Turret  
  55  7:18  SCV  
  55  7:20  Refinery  
  56  7:25  SCV  
  57  7:30  SCV  
  57  7:31  Command Center  
  57  7:35  Marauder  
  60  7:38  SCV  
  60  7:39  Widow Mine  
  60  7:42  SCV  
  64  7:46  Terran Infantry Armor Level 1  
  64  7:50  SCV  
  65  7:56  Marauder  
  65  7:58  Concussive Shells  
  67  7:59  Armory  
  67  8:05  Armory  
  67  8:06  SCV x2  
  69  8:18  SCV  
  70  8:28  Supply Depot  
  70  8:31  Barracks Reactor  
  70  8:43  SCV  
  71  8:52  Supply Depot  
  71  9:05  Marine  
  71  9:08  Viking  
  74  9:15  Supply Depot  
  74  9:23  Marine  
  71  9:24  Combat Shield  
  63  9:38  Viking  
  63  9:41  Marine  
  62  9:59  Marine  
  61  10:01  Marine x2  
  61  10:08  Medivac  
  63  10:17  Marine  
  63  10:19  Marine x2  
  66  10:26  Missile Turret  
  66  10:31  Barracks  
  66  10:35  Marauder  
  68  10:37  Marine x2  
  70  10:43  Barracks  
  70  10:46  Missile Turret  
  70  10:52  Terran Infantry Armor Level 2, Terran Infantry Weapons Level 2  
  70  10:54  Marine  
  70  10:55  Terran Vehicle And Ship Armor Level 1, Marine, Terran Vehicle Weapons Level 1  
  70  10:56  Marauder  
  74  10:59  Command Center  
  74  11:02  Medivac  
  74  11:03  Command Center  
  76  11:05  Missile Turret  
  76  11:08  Orbital Command  
  76  11:10  SCV x2  
  78  11:12  Marine x2  
  78  11:18  Marauder  
  82  11:21  Ghost Academy  
  82  11:22  SCV x2  
  84  11:25  Barracks Tech Lab  
  84  11:26  Missile Turret  
  84  11:30  Marine x2  
  84  11:32  Medivac  
  88  11:34  SCV x2  
  88  11:39  Marauder  
  92  11:45  Missile Turret  
  92  11:46  SCV  
  92  11:47  SCV  
  94  11:48  Marine, Missile Turret  
  94  11:49  Marauder  
  94  11:50  Barracks Tech Lab  
  94  11:51  Marine  
  98  11:54  SCV  
  98  11:58  SCV  
  98  11:59  SCV  
  98  12:01  Marauder  
  103  12:06  Marine  
  103  12:07  SCV  
  103  12:09  Marine  
  103  12:11  Marauder  
  103  12:14  Siege Tank  
  109  12:22  Marauder  
  111  12:24  Marine  
  111  12:26  SCV x3  
  111  12:27  Marine  
  116  12:32  Marauder  
  116  12:36  Marauder  
  120  12:41  Marine  
  120  12:43  Marauder  
  123  12:44  Marine  
  123  12:46  Siege Tank  
  123  12:48  Orbital Command  
  127  12:53  Marauder  
  127  12:57  Refinery  
  131  12:58  Enhanced Shockwaves  
  131  12:59  Refinery, Marine  
  131  13:02  Marine, Ghost  
  131  13:05  Marauder  
  135  13:11  Terran Infantry Weapons Level 3, Terran Infantry Armor Level 3  
  135  13:13  Terran Vehicle Weapons Level 2  
  135  13:15  Marauder  
  137  13:26  Marauder  
  139  13:29  Orbital Command  
  139  13:40  Ghost  
  136  14:01  Orbital Command  
  136  14:06  Marauder, Marine  
  139  14:31  Supply Depot x2  
  139  14:33  Supply Depot  
  139  14:35  Personal Cloaking  
  139  14:38  Supply Depot  
  139  14:45  Supply Depot  
  139  14:52  Marine x2, Ghost, Viking  
  147  14:53  SCV x4, Marauder x2  
  147  14:55  Supply Depot  
  147  14:58  Supply Depot  
  153  15:03  Thor  
  153  15:04  Factory  
  153  15:05  SCV x2  
  153  15:06  Supply Depot  
  145  15:09  Supply Depot  
  145  15:10  Marine x2  
  147  15:14  Marauder  
  147  15:15  Marauder  
  151  15:21  Marauder, Supply Depot  
  151  15:22  Viking  
  151  15:25  Supply Depot  
  151  15:28  Marine x2  
  152  15:36  Marauder  
  156  15:42  Marauder  
  156  15:45  Marine  
  156  15:46  Thor  
  152  16:07  Viking  
  152  16:08  Factory Tech Lab  
  154  16:18  Factory  
  154  16:26  SCV x3  
  154  16:27  SCV  
  154  16:29  Thor  
  164  16:37  Viking  
  161  17:07  Viking  
  159  17:13  Thor x2  
  165  17:36  Smart Servos  
  165  17:37  Viking  
  167  17:46  Orbital Command  
  167  17:56  Thor x2  
  177  18:01  Factory Tech Lab  
  177  18:24  Missile Turret  
  177  18:25  Missile Turret  
  177  18:28  Thor  
  193  18:51  Missile Turret  
  193  18:54  Missile Turret  
  151  19:13  Missile Turret  
Show
View Real Time Build Order
Export as new Build Order

sweetZerg Protoss - Winner!

Build Orders: 1 Gate Expand, Oracle Opening, Carriers 

Get SALT Encoding   

  12  0:00  Probe (Chrono Boost)  
  13  0:09  Probe (Chrono Boost)  
  14  0:17  Pylon  
  14  0:26  Probe  
  15  0:38  Probe  
  16  0:50  Probe  
  16  0:51  Gateway  
  16  0:54  Assimilator  
  17  1:02  Probe (Chrono Boost)  
  18  1:14  Probe (Chrono Boost)  
  19  1:19  Probe (Chrono Boost)  
  20  1:27  Nexus  
  20  1:39  Cybernetics Core  
  19  1:58  Probe  
  19  2:00  Pylon  
  20  2:02  Assimilator  
  20  2:10  Probe  
  21  2:15  Warp Gate  
  21  2:19  Shield Battery  
  22  2:22  Probe  
  24  2:30  Adept (Chrono Boost)  
  24  2:34  Probe  
  25  2:40  Stargate  
  25  2:47  Probe (Chrono Boost)  
  27  2:53  Probe (Chrono Boost)  
  27  2:56  Probe (Chrono Boost)  
  28  3:00  Probe (Chrono Boost)  
  29  3:11  Probe (Chrono Boost)  
  31  3:15  Probe (Chrono Boost), Pylon  
  31  3:21  Pylon  
  31  3:24  Probe (Chrono Boost), Sentry  
  34  3:29  Probe  
  34  3:32  Oracle (Chrono Boost)  
  38  3:34  Probe  
  39  3:42  Twilight Council  
  39  3:47  Probe  
  39  3:48  Probe  
  41  3:52  Assimilator  
  41  3:59  Probe  
  41  4:00  Probe  
  43  4:06  Oracle (Chrono Boost)  
  46  4:12  Probe x2  
  48  4:17  Stalker  
  48  4:24  Probe  
  50  4:38  Probe x2  
  48  4:50  Probe x2  
  50  5:02  Probe x2  
  50  5:04  Nexus  
  52  5:14  Probe x2  
  54  5:26  Probe  
  54  5:27  Probe  
  56  5:38  Probe  
  56  5:39  Probe  
  56  5:40  Pylon  
  58  5:42  Pylon  
  58  5:43  Pylon  
  58  5:48  Gateway  
  58  5:49  Gateway  
  58  5:51  Probe x2, Gateway  
  58  5:53  Gateway  
  58  5:54  Forge  
  58  5:55  Forge  
  60  6:00  Templar Archives, Forge  
  60  6:03  Probe x2  
  62  6:06  Assimilator, Robotics Facility  
  62  6:15  Probe  
  62  6:17  Probe x2  
  65  6:21  Shield Battery, Stalker  
  67  6:27  Probe  
  67  6:29  Probe x2  
  70  6:36  Shield Battery  
  70  6:39  Probe  
  71  6:41  Probe x2  
  71  6:45  Sentry x2  
  77  6:47  Assimilator  
  77  6:48  Protoss Ground Weapons Level 1  
  77  6:51  Assimilator, Protoss Ground Armor Level 1  
  77  6:53  Protoss Shields Level 1  
  77  6:54  Nexus  
  77  7:02  Protoss Air Weapons Level 1  
  77  7:08  Robotics Bay  
  77  7:13  Photon Cannon  
  77  7:18  Probe x3  
  77  7:21  Photon Cannon  
  80  7:23  Pylon  
  80  7:26  Pylon  
  80  7:28  High Templar x3  
  86  7:30  Probe x2, Pylon  
  88  7:56  Disruptor (Chrono Boost)  
  88  8:10  Probe x4  
  92  8:14  Shield Battery  
  92  8:15  Shield Battery  
  92  8:18  Photon Cannon  
  92  8:21  Photon Cannon  
  92  8:22  Probe  
  92  8:26  Observer, Photon Cannon  
  94  8:27  Pylon  
  94  8:38  Stalker x2  
  94  8:39  Stalker  
  100  8:46  Warp Prism  
  102  8:55  Protoss Ground Weapons Level 2 (Chrono Boost), Protoss Ground Armor Level 2 (Chrono Boost)  
  102  8:56  Protoss Shields Level 2 (Chrono Boost)  
  102  9:22  Disruptor  
  105  9:30  Psionic Storm  
  105  9:44  Stalker x2  
  105  9:45  Stalker x3  
  113  10:23  Assimilator  
  113  10:26  Assimilator  
  113  10:34  Nexus  
  113  10:36  Gateway  
  113  10:37  Gateway  
  113  10:39  Gateway  
  113  10:42  Pylon  
  113  10:48  Pylon  
  113  10:50  Fleet Beacon  
  113  10:55  Stargate  
  113  10:57  Pylon, Stargate  
  113  11:00  Stargate x2, Stalker x2  
  113  11:01  Stalker x3  
  123  11:30  High Templar  
  123  11:31  High Templar x3  
  131  11:51  Carrier x5  
  161  12:12  Charge (Chrono Boost)  
  161  12:17  Protoss Ground Weapons Level 3  
  161  12:37  Assimilator  
  161  12:40  Assimilator  
  161  12:52  Zealot x4  
  161  12:53  Zealot x3  
  161  12:54  Zealot  
  177  12:58  Mothership (Chrono Boost)  
  177  13:04  Protoss Ground Armor Level 3  
  177  13:05  Protoss Shields Level 3  
  185  13:11  Cybernetics Core  
  185  13:22  Observer, Protoss Air Armor Level 1  
  186  13:39  Blink (Chrono Boost)  
  178  13:42  Zealot x2  
  178  13:43  Zealot x3  
  180  13:53  Pylon  
  180  13:56  Pylon  
  180  14:06  Tempest  
  185  14:11  Tempest, Pylon  
  185  14:13  Pylon  
  190  14:18  Pylon  
  180  14:33  Photon Cannon x2  
  180  14:36  Shield Battery x2  
  180  14:37  Tempest  
  185  14:38  Carrier  
  185  14:39  Carrier  
  147  16:13  Stalker x5  
  147  16:14  Stalker x3  
  163  16:25  Disruptor  
  165  16:55  Carrier x3  
  165  16:56  Carrier x2  
  187  17:46  Shield Battery  
  187  17:47  Shield Battery  
  187  17:50  Shield Battery  
  183  17:51  Shield Battery x2  
  183  17:56  Shield Battery  
  183  17:57  Shield Battery  
  183  17:58  Shield Battery  
  171  18:00  Shield Battery  
  171  18:04  Pylon  
  171  18:07  Pylon  
  171  18:18  Pylon  
  171  18:41  Zealot  
  171  18:42  Zealot x5  
  171  18:43  Zealot x2  
  187  19:03  Dark Shrine  
Tags
 
Add a new tag
Caveats
  • Supply blocks, unpowered buildings, or Contaminate may cause inaccurate times.
  • Supply counts are checked every 10 seconds.